 Dungeon Crawl Stone Soup version 0.22-a0-362-g535178c (webtiles) character file.

15292 Amnesiac the Reanimator (level 11, -1/83 HPs)
             Began as a Mummy Necromancer on Apr 20, 2018.
             Was an Elder of Sif Muna.
             Slain by a meliai
             ... wielding a +0 hand axe
              (3 damage)
             ... on level 10 of the Dungeon.
             The game lasted 00:34:23 (16581 turns).

Amnesiac the Reanimator (Mummy Necromancer)        Turns: 16581, Time: 00:34:23

Health: -1/83      AC: 12    Str: 12    XL:     11   Next: 99%
Magic:  19/25      EV: 16    Int: 18    God:    Sif Muna [****..]
Gold:   396        SH:  8    Dex: 12    Spells: 16/30 levels left

rFire    x . .     SeeInvis .   b - +3 scimitar
rCold    + . .     Gourm    .   q - +0 buckler
rNeg     + + +     Faith    .   J - +0 troll leather armour
rPois    ∞         Spirit   .   v - +0 helmet
rElec    .         Reflect  +   A - +0 cloak
rCorr    .         Harm     .   s - +0 pair of gloves
MR       +....                  u - +0 pair of boots
Stlth    ++........             g - +3 amulet of reflection
HPRegen  0.63/turn              m - +4 ring of protection
MPRegen  0.19/turn              y - ring of stealth

@: divine energy
A: no food or potions, fire vulnerability, cold resistance 1, negative energy
resistance 3, torment resistance, unbreathing
a: Stop Divine Energy, Channel Magic, Forget Spell, Renounce Religion


You were on level 10 of the Dungeon.
You worshipped Sif Muna.
Sif Muna was greatly pleased with you.
You were not hungry.

You visited 2 branches of the dungeon, and saw 11 of its levels.
You also visited: Sewer.

You collected 707 gold pieces.
You spent 311 gold pieces at shops.

Inventory:

Hand Weapons
 a - a +0 hunting sling
 b - a +3 scimitar (weapon)
 F - a +2 spear of distortion
Missiles
 d - 235 stones (quivered)
 C - 30 sling bullets
Armour
 q - a +0 buckler (worn)
 s - a +0 pair of gloves (worn)
 u - a +0 pair of boots (worn)
 v - a +0 helmet (worn)
 A - a +0 cloak (worn)
 J - a +0 troll leather armour (worn)
Jewellery
 g - a +3 amulet of reflection (around neck)
 m - a +4 ring of protection (left hand)
 y - a ring of stealth (right hand)
Wands
 x - a wand of flame (31)
 z - a wand of random effects (19)
 E - a wand of iceblast (12)
 G - a wand of paralysis (6)
Scrolls
 c - 6 scrolls of remove curse {!r}
 e - a scroll of noise {!r}
 f - 2 scrolls of amnesia {!r, unknown}
 h - 2 scrolls of blinking {!r}
 i - 3 scrolls of enchant weapon {!r}
 j - 3 scrolls of enchant armour {!r, unknown}
 k - 6 scrolls of teleportation {!r}
 l - a scroll of silence {!r}
 n - 3 scrolls of fog {!r}
 o - a scroll of fear {!r}
 r - 3 scrolls of immolation {!r}
 t - 4 scrolls of magic mapping {!r}
 w - a scroll of identify {!r}
 B - a scroll of acquirement {!r}
 H - a scroll of vulnerability {!r}


   Skills:
 - Level 6.8 Fighting
 - Level 8.4 Dodging
 - Level 1.5 Stealth
 - Level 4.0 Shields
 + Level 10.0 Spellcasting
 * Level 12.1 Necromancy
 + Level 3.7 Invocations


You had 16 spell levels left.
You knew the following spells:

 Your Spells              Type           Power        Failure   Level  Hunger
a - Bolt of Draining      Conj/Necr      ####......   22%         5    N/A
b - Pain                  Necr           ####         1%          1    N/A
d - Vampiric Draining     Necr           ######....   1%          3    N/A
e - Dispel Undead         Necr           ######..     1%          5    N/A

Dungeon Overview and Level Annotations

Branches:
Dungeon (10/15)            Temple (1/1) D:6            Lair (0/6) D:10
    Orc (0/2) D:10

Altars:
Ashenzari
Cheibriados
Dithmenos
Elyvilon
Fedhas
Gozag
Hepliaklqana
Kikubaaqudgha
Makhleb
Nemelex Xobeh
Okawaru
Qazlal
Ru
Sif Muna
Trog
Uskayaw
Vehumet
Wu Jian
Xom
Yredelemnul
Zin
The Shining One
Beogh
Lugonu

Shops:
D:4 (**[(   D:9 }


Innate Abilities, Weirdness & Mutations

You do not eat or drink.
Your flesh is vulnerable to fire.
You are immune to poison.
Your flesh is cold resistant. (rC+)
You are immune to negative energy. (rN+++)
You are immune to unholy pain and torment.
You can survive without breathing.


Message History

Aim: a meliai, wielding a war axe and wearing a leather armour (hasn't noticed you)
The bolt of negative energy hits the meliai.
The meliai is drained!
The meliai is heavily wounded.
The meliai buzzes angrily.
You hear an angry buzzing noise. x2
The meliai drinks a potion.
The meliai is healed!
Casting: Bolt of Draining (slightly dangerous; 24% risk of failure)
Confirm with . or Enter, or press ? or * to list all spells.
Aiming: Bolt of Draining (slightly dangerous; 24% risk of failure)
Press: ? - help, Shift-Dir - straight line, f/p - meliai
Aim: a meliai, wielding a war axe and wearing a leather armour (moderately wounded, lightly drained)
The bolt of negative energy hits the meliai.
The meliai is drained!
You kill the meliai!
Sif Muna accepts your kill.
Casting: Bolt of Draining (slightly dangerous; 22% risk of failure)
Confirm with . or Enter, or press ? or * to list all spells.
You can't see any susceptible monsters within range! (Use Z to cast anyway.)
You start resting.
The meliai buzzes angrily.
You see here a flail of holy wrath.
The meliai mumbles some strange prayers to its god against you.
Something smites you! The meliai completely misses you.
You block the meliai's attack.
The meliai invokes the aid of its god against you.
Something smites you!
Things that are here:
a robe; a dagger The meliai hits you but does no damage.
You block the meliai's attack. x3
There is a stone staircase leading up here.
Evoke which item? (* to show all) (? for menu, Esc to quit)
Aiming: Paralyse
Press: ? - help, Shift-Dir - straight line, f - meliai
Aim: a meliai, wielding a hand axe and wearing a leather armour (chance to defeat MR: 46%)
The meliai resists with some effort.
The meliai hits you with a hand axe. The meliai barely misses you.
The meliai hits you with a hand axe! The meliai closely misses you.
The meliai misses you. The meliai stings you!
* * * LOW HITPOINT WARNING * * *
You block the meliai's attack.
The meliai stings you but does no damage.
Evoke which item? (* to show all) (? for menu, Esc to quit)
Aiming: Paralyse
Press: ? - help, Shift-Dir - straight line, f/p - meliai
Aim: a meliai, wielding a hand axe and wearing a leather armour (chance to defeat MR: 46%)
The meliai resists with some effort.
The meliai completely misses you. The meliai closely misses you.
The meliai hits you with a hand axe.
* * * LOW HITPOINT WARNING * * *
The meliai closely misses you. You block the meliai's attack.
The meliai stings you but does no damage.
The meliai hits you with a hand axe!
* * * LOW HITPOINT WARNING * * *
The meliai closely misses you.
Evoke which item? (* to show all) (? for menu, Esc to quit)
Aiming: Paralyse
Press: ? - help, Shift-Dir - straight line, f/p - meliai
Aim: a meliai, wielding a hand axe and wearing a leather armour (chance to defeat MR: 46%)
The meliai resists with some effort.
The meliai hits you with a hand axe!
* * * LOW HITPOINT WARNING * * *
The meliai misses you. The meliai barely misses you.
The meliai completely misses you. The meliai hits you with a hand axe!
* * * LOW HITPOINT WARNING * * *
The meliai stings you but does no damage.
The meliai closely misses you. The meliai stings you.
You die...

#. ..... ≈...#... .# .#.#... .#
...... #.# .....# ≈ #.#..#
#.#####.....
≈≈##.#..####..........
≈.............>#.#...
............##.#.#.#####
######.#.@..#..#.....#.... ###
##......#yy###[.#.#.#.#.### ....
.......#[)....)..)...).... ....##
#.. ...#..#....#.#.#.#.#.#
......##.####.#..#........(.#....
.......#[.....).......#.#.....###
.....)...###..........#.#........
.>.......# #$.#.........#.#.#####
.........###..#..#........#.#


You could see 2 meliai.

Vanquished Creatures
  6 two-headed ogres
  The ghost of Nib the Covert, a novice OpFi of Gozag (D:8)
  A wizard (D:9)
  5 large abominations (D:9)
  4 trolls
  Prince Ribbit (D:5)
  A meliai (D:10)
  A hippogriff (D:9)
  5 yaks (D:9)
  2 two-headed ogre zombies (D:9)
  An ogre zombie (D:8)
  A warg (D:10)
  A water moccasin (D:9)
  A tengu zombie (D:9)
  A human zombie (D:9)
  Duvessa (D:5)
  A manticore zombie (D:9)
  7 orc warriors
  3 sky beasts
  4 ice beasts
  2 phantoms
  A black bear (D:7)
  A necrophage (D:9)
  4 ogres
  3 centaurs
  2 big kobolds
  3 bullfrogs
  2 hippogriff zombies (D:9)
  6 small abominations (D:9)
  2 cyclops zombies (D:9)
  A wyvern zombie (D:10)
  2 scorpions
  Dowan (D:5)
  13 killer bees
  10 wights
  A troll skeleton (D:6)
  An electric eel (D:6)
  3 crimson imps
  4 centaur zombies
  3 howler monkeys
  A hound (D:6)
  A quasit (D:8)
  3 bullfrog skeletons
  2 jellies
  10 orc priests
  Crazy Yiuf (D:5)
  2 centaur skeletons
  20 orc wizards
  A gnoll shaman (D:4)
  An iron imp (D:7)
  A soldier ant zombie (D:9)
  5 iguanas
  7 worker ants
  A killer bee zombie (D:9)
  A big kobold zombie (D:9)
  2 hound skeletons
  3 hound zombies
  A howler monkey skeleton (D:9)
  11 orc zombies
  A worker ant zombie (D:9)
  14 adders
  9 gnolls
  2 scorpion zombies
  2 river rats (D:3)
  2 shadow imps
  7 oozes
  An adder skeleton (D:4)
  An iguana skeleton (D:6)
  11 worms
  3 dart slugs
  11 leopard geckos
  81 orcs
  3 ball pythons
  16 bats
  10 giant cockroaches
  8 goblins
  6 hobgoblins
  11 jackals
  3 quokkas (D:5)
  A ball python skeleton (D:9)
  11 frilled lizards
  A frilled lizard skeleton (D:9)
  A hobgoblin zombie (D:9)
  15 kobolds
  A kobold skeleton (D:9)
  A leopard gecko zombie (D:5)
  4 orc skeletons (D:10)
  2 quokka zombies
  14 rats
440 creatures vanquished.

Vanquished Creatures (others)
  2 centaurs
  A kobold (D:3)
3 creatures vanquished.

Grand Total: 443 creatures vanquished

Notes
Turn   | Place    | Note
-------+----------+-------------------------------------------
     0 | D:1      | Amnesiac the Mummy Necromancer began the quest for the Orb.
     0 | D:1      | Reached XP level 1. HP: 13/13 MP: 4/4
   247 | D:2      | Found a bloodstained altar of Trog.
   261 | D:1      | Reached XP level 2. HP: 12/19 MP: 4/6
   971 | D:2      | Reached XP level 3. HP: 24/24 MP: 2/7
   976 | D:2      | Learned a level 3 spell: Vampiric Draining
  1058 | D:2      | Reached skill level 5 in Necromancy
  1369 | D:3      | Reached XP level 4. HP: 17/30 MP: 4/8
  1439 | D:3      | Found a glowing drain.
  1456 | Sewer    | Entered a sewer
  1802 | Sewer    | Reached skill level 6 in Necromancy
  2292 | Sewer    | Reached XP level 5. HP: 36/36 MP: 7/9
  2492 | D:4      | Found Bocee's Assorted Antiques.
  2496 | D:4      | Bought a scroll labeled DYHEVIUWEL for 27 gold pieces
  2508 | D:4      | Reached skill level 1 in Shields
  2683 | D:4      | Found Gufeush's Assorted Antiques.
  2694 | D:4      | Bought a scroll labeled UVAAK OLLISOCI for 28 gold pieces
  2756 | D:4      | Reached XP level 6. HP: 19/42 MP: 2/10
  3008 | D:4      | Found Iloxabol's Weapon Emporium.
  3045 | D:4      | Found Esackidu's Antique Weapon Emporium.
  3268 | D:4      | Found Guizyan's Antique Armour Emporium.
  3303 | D:5      | Entered Level 5 of the Dungeon
  3970 | D:4      | Reached skill level 1 in Fighting
  3970 | D:4      | Reached XP level 7. HP: 32/48 MP: 4/11
  4468 | D:6      | Noticed a two-headed ogre
  4596 | D:5      | Noticed Prince Ribbit
  4634 | D:5      | Killed Prince Ribbit
  4634 | D:5      | Reached XP level 8. HP: 42/58 MP: 2/12
  5028 | D:6      | Noticed a two-headed ogre
  5303 | D:5      | Got an iridescent short sword
  5341 | D:5      | Found a runed door.
  5390 | D:6      | Reached skill level 5 in Dodging
  5406 | D:6      | Identified the +3 short sword "Dyasouf" {venom, *Slow rPois rC+ Str+6} (You found it on level 5 of the Dungeon)
  5536 | D:6      | Found a staircase to the Ecumenical Temple.
  5545 | Temple   | Entered the Ecumenical Temple
  5653 | Temple   | Became a worshipper of Kikubaaqudgha
  6189 | D:2      | Found a blossoming altar of Fedhas.
  6382 | D:3      | Reached * piety under Kikubaaqudgha
  6382 | D:3      | Identified Kikubaaqudgha's Handbook of Evil (Kikubaaqudgha gifted it to you on level 3 of the Dungeon)
  6382 | D:3      | Received a gift from Kikubaaqudgha
  6450 | D:3      | Found an ornate altar of the Wu Jian Council.
  7019 | D:5      | Noticed Duvessa
  7023 | D:5      | Noticed Dowan
  7035 | D:5      | Killed Dowan
  7040 | D:5      | Killed Duvessa
  7133 | D:5      | Noticed Crazy Yiuf
  7138 | D:5      | Killed Crazy Yiuf
  7519 | D:6      | Reached skill level 5 in Fighting
  7596 | D:6      | Reached ** piety under Kikubaaqudgha
  7729 | D:7      | Reached XP level 9. HP: 50/68 MP: 14/14
  7905 | D:7      | Found a basalt altar of Yredelemnul.
  7905 | D:7      | Found a glowing golden altar of the Shining One.
  7945 | D:7      | Found an iron altar of Okawaru.
  7948 | D:7      | Found a shadowy altar of Dithmenos.
  8330 | D:8      | Noticed Nib's ghost (novice OpFi)
  8332 | D:8      | Found a hide-covered altar of Uskayaw.
  8447 | D:8      | Found a sparkling altar of Nemelex Xobeh.
  8485 | D:8      | Identified a scroll of acquirement {!r}
  8515 | D:8      | Noticed a two-headed ogre
  8740 | D:6      | Reached *** piety under Kikubaaqudgha
  8740 | D:6      | Identified Kikubaaqudgha's Guide on Stolen Souls (Kikubaaqudgha gifted it to you on level 6 of the Dungeon)
  8740 | D:6      | Received a gift from Kikubaaqudgha
  8742 | D:6      | Fell from the grace of Kikubaaqudgha
  8777 | Temple   | Noticed a soul eater
  8859 | Temple   | Became a worshipper of Sif Muna the Loreminder
  8932 | D:6      | Killed a two-headed ogre
  8932 | D:6      | Reached XP level 10. HP: 36/77 MP: 2/17
  9133 | D:5      | Learned a level 5 spell: Dispel Undead
  9139 | D:5      | Learned a level 5 spell: Bolt of Draining
  9593 | D:6      | Killed a two-headed ogre
  9593 | D:6      | Reached skill level 5 in Spellcasting
  9593 | D:6      | Reached skill level 7 in Necromancy
  9676 | D:7      | Reached * piety under Sif Muna
  9806 | D:7      | Found a snail-covered altar of Cheibriados.
  9951 | D:4      | Bought a pair of gloves for 103 gold pieces
 10142 | D:4      | Bought a warped robe for 153 gold pieces
 10152 | D:4      | Identified the +1 robe "Esmiozum" {rF- Regen+ Str+7} (You bought it in a shop on level 4 of the Dungeon)
 10305 | D:8      | Noticed a two-headed ogre
 10315 | D:8      | Killed a two-headed ogre
 10315 | D:8      | Reached skill level 8 in Necromancy
 10735 | D:9      | Killed a two-headed ogre
 10735 | D:9      | Reached ** piety under Sif Muna
 10735 | D:9      | Reached skill level 9 in Necromancy
 10772 | D:8      | Killed Nib's ghost
 11124 | D:9      | Reached skill level 10 in Necromancy
 11124 | D:9      | Reached XP level 11. HP: 71/83 MP: 0/22
 11180 | D:9      | Noticed a two-headed ogre
 11203 | D:9      | Killed a two-headed ogre
 11419 | D:9      | Found a roughly hewn altar of Beogh.
 11469 | D:7      | Reached *** piety under Sif Muna
 11899 | D:8      | Noticed a reaper
 11974 | D:9      | Found a burning altar of Makhleb.
 11976 | D:9      | Noticed a soul eater
 12454 | D:9      | Found Nozulo's Gadget Shoppe.
 12678 | D:9      | Noticed a two-headed ogre
 12706 | D:9      | Killed a two-headed ogre
 12706 | D:9      | Reached skill level 11 in Necromancy
 12706 | D:9      | Reached skill level 1 in Invocations
 13133 | D:9      | Noticed a soul eater
 13442 | D:9      | Noticed a wizard
 13445 | D:9      | Noticed a soul eater
 13446 | D:9      | Paralysed by a wizard for 2 turns
 13477 | D:9      | Killed a wizard
 13780 | D:9      | Noticed a large abomination
 13798 | D:9      | Killed a large abomination
 13798 | D:9      | Reached **** piety under Sif Muna
 13820 | D:9      | Noticed a soul eater
 13831 | D:9      | Noticed a soul eater
 13934 | D:9      | Noticed a soul eater
 14572 | D:10     | Entered Level 10 of the Dungeon
 15052 | D:10     | Noticed a soul eater
 15385 | D:10     | Reached skill level 12 in Necromancy
 15525 | D:9      | Was forgiven by Kikubaaqudgha
 15526 | D:9      | Noticed a reaper
 15711 | D:10     | Found a roughly hewn altar of Beogh.
 15711 | D:10     | Found a staircase to the Orcish Mines.
 16334 | D:10     | Found a staircase to the Lair.
 16420 | D:9      | Reached skill level 10 in Spellcasting
 16581 | D:10     | HP: 2/83 [meliai/hand axe (12)]
 16581 | D:10     | Slain by a meliai

Vault maps used:
D:1:      elethiomel_arrival_diamonds
D:2:      fedhas_altar_2, lemuel_crystal_altar
D:3:      marbit_many_paths, first_ration, lightli_sewer_entry_pipes,
          minmay_misc_feat_columns
D:4:      serial_shops, shop_coins, kennysheep_mini,
          nicolae_shop_overgrown_old_shop, shop, nicolae_shop_behind_doors
D:5:      uniq_duvessa, uniq_crazy_yiuf_cottage, uniq_prince_ribbit1
D:6:      minmay_temple_entry_large_hall, kennysheep_dice
D:7:      slow_altar_2, grunt_temple_overflow_cloverleaf
D:8:      nemelex_xobeh_ov_fountains_minmay, kennysheep_little_box,
          grunt_ogre_cave
D:9:      makhleb_blood_cavern_becter, serial_shops, shop, laboratory
D:10:     erik_lair_orcish_takeover, david_orc_5, minmay_crystal_room
Temple:   kb_corrupted_temple
Sewer:    sewer_fruit_machine

Skill      XL: |  1  2  3  4  5  6  7  8  9 10 11 |
---------------+----------------------------------+-----
Spellcasting   | 3 4 7 10 | 10.0
Necromancy     | 5 6 10 12 | 12.1
Shields        | 3 4 |  4.0
Dodging        | 2 4 6 8 |  8.4
Fighting       | 1 3 5 6 |  6.8
Invocations    | 3 |  3.7
Stealth        | |  1.5

Action                   |  1- 3 |  4- 6 |  7- 9 | 10-12 || total
-------------------------+-------+-------+-------+-------++-------
Melee: Unarmed           |    23 |       |       |       ||    23
       Short sword       |       |       |   398 |       ||   398
       Scimitar          |       |       |       |    90 ||    90
 Fire: Hunting sling     |    32 |   163 |   227 |   510 ||   932
 Cast: Pain              |    66 |   116 |    31 |    41 ||   254
       Vampiric Draining |     1 |     8 |    44 |     9 ||    62
       Dispel Undead     |       |       |       |    93 ||    93
       Bolt of Draining  |       |       |       |    89 ||    89
Invok: Renounce Religion |       |       |     1 |       ||     1
       Divine Energy     |       |       |       |     1 ||     1
Evoke: Wand              |       |       |    15 |    15 ||    30
  Use: Scroll            |       |     4 |     8 |     3 ||    15
 Stab: Sleeping          |       |       |     1 |       ||     1
       Distracted        |       |       |     2 |     1 ||     3
Armor: Robe              |    13 |    38 |   152 |    38 ||   241
       Troll leather arm |       |       |       |   127 ||   127
Dodge: Dodged            |    56 |    86 |   327 |   434 ||   903
Block: Other             |     8 |    12 |       |       ||    20
       Buckler           |       |    30 |   233 |   284 ||   547
       Reflection        |       |       |    10 |     3 ||    13
       Rpst.: Scimitar   |       |       |       |    44 ||    44

Table legend:
 A = Spawn XP
 B = Non-spawn XP
 C = Spawn XP percentage of total XP
 D = Spawn monster count
 E = Non-spawn monster count
 F = Spawn count percentage of total count
 G = Total turns spent on level
                    A         B        C        D         E        F      G
               +---------+---------+-------+---------+---------+-------+---------
         Total |       0 |   21847 |   0.0 |       0 |     398 |   0.0 | 16581
               +---------+---------+-------+---------+---------+-------+---------
           D:1 |       0 |      55 |   0.0 |       0 |      32 |   0.0 |  1230
           D:2 |       0 |      75 |   0.0 |       0 |      19 |   0.0 |   584
           D:3 |       0 |     266 |   0.0 |       0 |      45 |   0.0 |  1117
           D:4 |       0 |     642 |   0.0 |       0 |      35 |   0.0 |  1707
           D:5 |       0 |    1038 |   0.0 |       0 |      28 |   0.0 |  1857
           D:6 |       0 |    2413 |   0.0 |       0 |      22 |   0.0 |  1297
           D:7 |       0 |    2027 |   0.0 |       0 |      40 |   0.0 |  1106
           D:8 |       0 |    2880 |   0.0 |       0 |      29 |   0.0 |  1493
           D:9 |       0 |   10462 |   0.0 |       0 |      79 |   0.0 |  4266
          D:10 |       0 |    1902 |   0.0 |       0 |      41 |   0.0 |   782
        Temple |       0 |       6 |   0.0 |       0 |       2 |   0.0 |   169
         Sewer |       0 |      81 |   0.0 |       0 |      26 |   0.0 |   973
               +---------+---------+-------+---------+---------+-------+---------
